AoeStats
← I'm AOE2 Noob

Black Forest

505220836Analyzed
4v4 RM · 25d ago on Sep 8, 2026· 67m 4s· 8 players
Game mode
Random Map
Map size
Large (8 player)
Population
200
Speed
Normal
Resources
Standard
Victory
Conquest
Starting age
Dark Age
Ending age
Imperial Age
RankedLock teamsTeams togetherTeam positionsShared explorationLock speedFull tech treeHidden civsTurbo modeCheats
Victory
Defeat
🇹🇷 Lithuanians · Türkiye
1661
+17
🇫🇷 Bengalis · France
1606
+19
🇨🇳 Britons · China
1598
+19
🇫🇷 Bohemians · France
1587
+20
🇨🇳 Japanese · China
1777
-22
🇨🇳 Britons · China
1725
-21
🇨🇳 Bohemians · China
1626
-17
🇨🇳 Khmer · China
1571
-15
=)Svanhilde
1:59 Loom
11:36 Feudal Age
15:23 Castle Age
13:38 Double-Bit Axe
15:48 Gold Mining
17:20 Wheelbarrow
16:57 Bow Saw
23:45 Imperial Age
21:51 Horse Collar
22:13 Town Watch
23:30 Redemption
23:43 Fortified Wall
24:04 Sanctity
24:33 Fervor
25:28 Two-Man Saw
25:19 Block Printing
25:33 Atonement
27:50 Hand Cart
34:11 Heavy Plow
35:30 Fletching
35:40 Padded Archer Armor
36:26 Gold Shaft Mining
35:48 Stone Mining
36:44 Illumination
36:56 Theocracy
37:09 Crop Rotation
37:09 Ballistics
37:50 Chemistry
36:31 Treadmill Crane
37:01 Masonry
38:13 Bodkin Arrow
38:33 Leather Archer Armor
38:30 Elite Elephant Archer
39:46 Bracer
40:56 Husbandry
42:00 Ring Archer Armor
42:01 Architecture
41:42 Bloodlines
44:31 Elite Skirmisher
45:59 Conscription
45:05 Light Cavalry
45:59 Scale Barding Armor
46:04 Forging
46:56 Scale Mail Armor
46:17 Pikeman
46:58 Squires
47:27 Paiks
47:48 Halberdier
48:46 Chain Mail Armor
48:52 Chain Barding Armor
49:07 Iron Casting
51:03 Plate Barding Armor
51:47 Iron Casting
53:37 Mahayana
54:46 Blast Furnace
59:19 Caravan
62:08 Elite Battle Elephant
67:10 Siege Engineers
Ainz_Own_Goal
6:01 Loom
11:25 Feudal Age
16:03 Castle Age
13:54 Double-Bit Axe
15:00 Horse Collar
17:15 Heavy Plow
17:26 Bow Saw
21:43 Wheelbarrow
24:58 Gold Mining
24:58 Stone Mining
29:41 Imperial Age
27:29 Scale Barding Armor
27:39 Forging
28:10 Stone Shaft Mining
28:09 Hand Cart
29:14 Chain Barding Armor
29:16 Town Watch
30:08 Town Patrol
30:45 Iron Casting
30:12 Husbandry
30:23 Bloodlines
29:51 Elite Leitis
30:52 Conscription
30:58 Tower Shields
32:38 Plate Barding Armor
33:52 Crop Rotation
37:48 Caravan
41:21 Coinage
53:09 Banking
53:30 Padded Archer Armor
55:34 Guard Tower
56:10 Ballistics
55:43 Fletching
57:30 Bodkin Arrow
58:36 Chemistry
58:12 Keep
58:14 Bracer
59:44 Leather Archer Armor
61:19 Guilds
61:31 Guilds
62:31 Bombard Tower
63:53 Cavalier
64:57 Paladin
Long-Long-Way
0:59 Loom
12:01 Feudal Age
15:43 Castle Age
14:20 Double-Bit Axe
15:31 Horse Collar
16:48 Bow Saw
23:12 Wheelbarrow
23:34 Stone Mining
24:57 Gold Mining
24:56 Town Watch
30:34 Imperial Age
27:56 Fletching
28:33 Bodkin Arrow
29:07 Ballistics
29:00 Masonry
29:57 Hand Cart
29:48 Padded Archer Armor
31:15 Leather Archer Armor
31:57 Yeomen
30:57 Elite Longbowman
31:11 Elite Longbowman
33:06 Conscription
32:48 Bracer
33:57 Chemistry
34:22 Two-Man Saw
34:31 Architecture
34:52 Gold Shaft Mining
35:04 Ring Archer Armor
35:37 Hoardings
36:11 Warwolf
37:55 Block Printing
38:02 Caravan
38:32 Siege Engineers
42:01 Coinage
42:26 Illumination
42:12 Fervor
43:22 Banking
46:36 Murder Holes
46:22 Treadmill Crane
46:54 Fortified Wall
49:18 Sappers
56:56 Forging
56:51 Scale Barding Armor
61:33 Theocracy
61:20 Sanctity
61:04 Devotion
65:20 Town Patrol
The Get Sum
10:35 Feudal Age
12:09 Double-Bit Axe
14:37 Castle Age
13:13 Horse Collar
15:51 Wheelbarrow
19:00 Hand Cart
19:42 Loom
22:52 Imperial Age
22:15 Chemistry
23:40 Bow Saw
29:18 Guilds
29:55 Houfnice
34:03 Scale Mail Armor
34:54 Pikeman
35:34 Squires
35:51 Chain Mail Armor
36:01 Wagenburg Tactics
36:17 Conscription
37:13 Halberdier
38:52 Plate Mail Armor
38:32 Forging
39:03 Siege Engineers
41:02 Caravan
46:12 Iron Casting
45:27 Fletching
46:10 Ballistics
47:08 Masonry
47:15 Fervor
47:57 Man-at-Arms
49:34 Architecture
51:48 Two-Man Saw
52:19 Coinage
53:41 Long Swordsman
55:23 Blast Furnace
54:22 Two-Handed Swordsman
54:59 Bodkin Arrow
55:38 Champion
57:58 Banking
58:03 Town Watch
58:19 Bracer
61:55 Arson
63:14 Capped Ram
I'm AOE2 Noob
10:51 Feudal Age
14:36 Castle Age
13:28 Double-Bit Axe
14:01 Horse Collar
19:17 Fervor
20:48 Wheelbarrow
22:22 Bow Saw
24:49 Hand Cart
28:36 Imperial Age
26:11 Heavy Plow
28:02 Chemistry
27:34 Devotion
28:41 Houfnice
29:47 Conscription
29:32 Wagenburg Tactics
28:50 Pikeman
29:30 Squires
30:50 Two-Man Saw
29:53 Scale Mail Armor
30:03 Forging
30:01 Wagenburg Tactics
30:08 Husbandry
29:54 Light Cavalry
30:26 Town Watch
31:54 Loom
32:43 Bombard Tower
32:05 Halberdier
34:42 Fletching
35:27 Iron Casting
35:07 Chain Mail Armor
35:43 Ballistics
35:04 Treadmill Crane
35:49 Bodkin Arrow
36:07 Masonry
36:51 Siege Engineers
38:53 Plate Mail Armor
38:28 Scale Barding Armor
39:23 Blast Furnace
38:25 Padded Archer Armor
38:29 Bracer
39:36 Architecture
40:17 Scale Barding Armor
41:16 Blast Furnace
46:06 Man-at-Arms
50:46 Coinage
50:26 Guilds
53:03 Banking
52:34 Caravan
进化论
11:02 Feudal Age
13:43 Castle Age
11:42 Double-Bit Axe
11:42 Horse Collar
12:43 Loom
15:00 Bow Saw
16:43 Wheelbarrow
21:37 Hand Cart
21:55 Gold Mining
26:52 Imperial Age
24:57 Bloodlines
25:21 Scale Barding Armor
25:36 Forging
25:58 Husbandry
26:42 Chain Barding Armor
26:02 Light Cavalry
29:02 Plate Barding Armor
29:03 Iron Casting
29:32 Heavy Plow
31:21 Devotion
31:01 Elite Battle Elephant
32:46 Hussar
34:45 Blast Furnace
34:28 Gold Shaft Mining
34:35 Crop Rotation
35:06 Tusk Swords
35:27 Conscription
37:01 Caravan
48:46 Coinage
50:22 Banking
53:58 Stone Mining
哲别
11:13 Feudal Age
15:10 Castle Age
13:35 Double-Bit Axe
13:30 Horse Collar
15:58 Wheelbarrow
16:09 Bow Saw
22:00 Gold Mining
22:15 Stone Mining
23:44 Hand Cart
24:34 Gold Shaft Mining
27:07 Heavy Plow
26:55 Loom
26:56 Town Watch
29:53 Imperial Age
27:31 Scale Mail Armor
28:06 Squires
27:53 Gambesons
27:54 Arson
29:08 Chain Mail Armor
29:07 Fletching
29:54 Forging
29:08 Elite Skirmisher
29:54 Thumb Ring
29:50 Padded Archer Armor
30:51 Ballistics
31:34 Chemistry
31:12 Parthian Tactics
31:37 Plate Mail Armor
30:28 Man-at-Arms
31:28 Bodkin Arrow
32:02 Ballistics
31:53 Padded Archer Armor
33:48 Two-Man Saw
33:41 Leather Archer Armor
33:05 Elite Samurai
33:57 Bracer
35:34 Hoardings
35:38 Ring Archer Armor
35:19 Masonry
34:58 Heavy Cavalry Archer
36:27 Conscription
36:07 Onager
37:24 Siege Engineers
37:22 Yasama
38:20 Bloodlines
38:46 Parthian Tactics
39:34 Iron Casting
39:04 Husbandry
41:22 Blast Furnace
41:55 Caravan
46:56 Kataparuto
47:21 Capped Ram
50:42 Heavy Scorpion
53:58 Coinage
慕华花繁
1:57 Loom
11:32 Feudal Age
15:34 Castle Age
13:56 Double-Bit Axe
14:31 Horse Collar
16:30 Bow Saw
16:21 Heavy Plow
23:50 Wheelbarrow
25:26 Hand Cart
24:56 Town Watch
29:41 Imperial Age
31:45 Scale Barding Armor
31:53 Forging
34:22 Imperial Age
34:12 Iron Casting
36:08 Blast Furnace
36:10 Husbandry
38:18 Two-Man Saw
37:36 Guilds
36:54 Light Cavalry
39:49 Devotion
41:33 Chain Barding Armor
43:20 Plate Barding Armor
44:54 Fletching
44:43 Elite Skirmisher
45:52 Bodkin Arrow
45:57 Padded Archer Armor
46:38 Ballistics
47:18 Chemistry
47:11 Bracer
47:29 Leather Archer Armor
49:26 Ring Archer Armor
51:43 Caravan
61:40 Treadmill Crane
61:55 Man-at-Arms
62:20 Gambesons
62:36 Squires
62:42 Scale Mail Armor
62:36 Long Swordsman
64:05 Chain Mail Armor
63:30 Two-Handed Swordsman
65:37 Plate Mail Armor
65:36 Champion
Connection lost

Rejoining the realm…

Still unreachable

The connection could not be restored.

Session expired

The server has moved on; the page needs a fresh start.